 Dungeon Crawl Stone Soup version 0.27-a0-592-g0306a34022 (webtiles) character file.

Game seed: 16840688820208618688

8456 robertstho the Protected (level 11, -11/68 HPs)
             Began as a Gargoyle Fighter on Mar 10, 2021.
             Was a High Priest of the Shining One.
             Mangled by a skeletal warrior
             ... wielding a +0 trident
              (19 damage)
             ... on level 9 of the Dungeon.
             The game lasted 00:17:53 (11228 turns).

robertstho the Protected (Gargoyle Fighter)        Turns: 11228, Time: 00:17:54

Health: -11/68     AC: 23    Str: 29    XL:     11   Next: 31%
Magic:  15/15      EV: 14    Int:  9    God:    the Shining One [*****.]
Gold:   720        SH: 12    Dex:  9    Spells: 10/10 levels left

rFire    + . .     SeeInvis .   a - +0 flail
rCold    . . .     Faith    .   c - +0 kite shield
rNeg     + + +     Spirit   .   k - +2 scale mail {rF+}
rPois    ∞         Reflect  .   (no helmet)
rElec    +         Harm     .   y - +0 cloak
rCorr    .         Rampage  .   u - +1 pair of gloves
Will     .....                  s - +0 pair of boots
Stlth    ..........             (no amulet)
HPRegen  0.21/turn              f - +4 ring of evasion
MPRegen  0.14/turn              D - +6 ring of strength

@: glowing
A: negative energy resistance 1, electricity resistance, torment resistance 1,
unbreathing 1, petrification resistance, AC +8
a: Renounce Religion, Divine Shield, Cleansing Flame, Summon Divine Warrior


You were on level 9 of the Dungeon.
You worshipped the Shining One.
The Shining One was extremely pleased with you.
You visited 2 branches of the dungeon, and saw 10 of its levels.
You also visited: Sewer, Ossuary and Bailey.

You collected 720 gold pieces.

Inventory:

Hand Weapons
 a - a +0 flail (weapon)
Armour
 c - a +0 kite shield (worn)
 k - a +2 scale mail of fire resistance (worn)
 s - a +0 pair of boots (worn)
 u - a +1 pair of gloves (worn)
 y - a +0 cloak (worn)
Jewellery
 f - a +4 ring of evasion (right hand)
 p - a ring of fire
 D - a +6 ring of strength (left hand)
Wands
 q - a wand of paralysis (6)
 B - a wand of digging (5)
 J - a wand of iceblast (10)
Scrolls
 b - 2 scrolls of acquirement {unknown}
 d - a scroll of fog {unknown}
 e - 8 scrolls of teleportation
 g - a scroll of enchant weapon {unknown}
 h - a scroll of enchant armour
 m - 4 scrolls of magic mapping
 t - 3 scrolls of identify {unknown}
 z - a scroll of torment {unknown}
 A - a scroll of silence {unknown}
 C - a scroll of brand weapon {unknown}
 E - a scroll of blinking {unknown}
 L - a scroll of amnesia {unknown}
Potions
 i - 3 potions of degeneration
 j - 4 potions of lignification
 l - a potion of curing
 n - 2 potions of magic {unknown}
 o - 2 potions of cancellation {unknown}
 r - a potion of invisibility {unknown}
 v - 2 potions of brilliance {unknown}
 x - 3 potions of attraction {unknown}
 F - 4 potions of mutation {unknown}
 H - a potion of berserk rage {unknown}
Miscellaneous
 w - a box of beasts


   Skills:
 * Level 8.1 Fighting
 + Level 8.9 Maces & Flails
 * Level 9.2 Armour
 + Level 4.1 Dodging
 + Level 9.0 Shields
 * Level 6.1 Invocations
 + Level 1.0 Evocations


You had 10 spell levels left.
You didn't know any spells.
Your spell library contained the following spells:

 Spells                   Type           Power      Damage    Failure   Level
 Magic Dart               Conj           0%         1d3       86%         1
 Sting                    Tmut/Pois      0%         1d3       86%         1
 Blink                    Tloc           N/A        N/A       94%         2
 Call Imp                 Summ           0%         N/A       94%         2
 Poisonous Vapours        Pois/Air       0%         N/A       94%         2
 Slow                     Hex            0%         N/A       94%         2
 Conjure Flame            Conj/Fire      0%         6-21      99%         3
 Ignite Poison            Fire/Tmut/Pois 0%         N/A       99%         3
 Mephitic Cloud           Conj/Pois/Air  0%         N/A       99%         3
 Olgreb's Toxic Radiance  Pois           0%         N/A       100%        4
 Freezing Cloud           Conj/Ice/Air   0%         6-21      100%        6


Dungeon Overview and Level Annotations

Branches:
Dungeon (9/15)             Temple (1/1) D:5           Sewer (visited)
Ossuary (visited)          Bailey (visited)
   Lair: D:8-11         Orc: D:9-12

Altars:
Ashenzari
Cheibriados
Dithmenos
Elyvilon
Fedhas
Gozag
Hepliaklqana
Kikubaaqudgha
Makhleb
Nemelex Xobeh
Okawaru
Qazlal
Ru
Sif Muna
Trog
Uskayaw
Vehumet
Wu Jian
Xom
Yredelemnul
Zin
The Shining One

Shops:
D:7 :


Innate Abilities, Weirdness & Mutations

Your stone body is resilient. (AC +8)
You are immune to poison.
You resist negative energy. (rN+)
You are resistant to electric shocks. (rElec)
You are resistant to unholy torment.
You can survive without breathing.
You are immune to petrification.


Message History

Unknown command.
Unknown command.
You are too injured to fight recklessly!
Unknown command.
You are too injured to fight recklessly!
Unknown command.
You are too injured to fight recklessly!
Unknown command.
You are too injured to fight recklessly!
Unknown command.
You are too injured to fight recklessly!
Unknown command.
You are too injured to fight recklessly!
Unknown command.
You hit the skeletal warrior but do no damage.
The skeletal warrior hits you but does no damage.
You sock the skeletal warrior!
The skeletal warrior is lightly damaged.
The skeletal warrior hits you with a +0 trident.
You block the wight's attack.
You hit the skeletal warrior but do no damage.
The skeletal warrior is lightly damaged.
The wight hits you from afar with a +4 spear.
* * * LOW HITPOINT WARNING * * *
You block the skeletal warrior's attack.
You hit the skeletal warrior.
The skeletal warrior is lightly damaged.
The wight hits you from afar with a +4 spear.
* * * LOW HITPOINT WARNING * * *
You block the skeletal warrior's attack.
You barely miss the skeletal warrior.
The skeletal warrior is lightly damaged.
The wight hits you but does no damage.
The skeletal warrior hits you with a +0 trident!
* * * LOW HITPOINT WARNING * * *
You hit the skeletal warrior but do no damage.
The skeletal warrior is lightly damaged.
You block the wight's attack.
The skeletal warrior hits you with a +0 trident!!
You die...

. .. .# ######..#....
##..#. #..#.... # >.. .#
##... # ...##### #.####.
# #.##...# #...... #
#.##.#.###########
#.....##. #
#.##.#.).)........ ##.##
#..
####......#.)..#########
#..
....###.#.#.....@zz.....
# #<.
###.#.?.#.####.)).......
#.#.##. #.#.###.#
######..### #.#.... #.#.
..# .# #.####.
##.######## # #.#....
#.........# #.#.##.
#..######.# #.#....
#)[#<.....# #.####.
#).########## #......


You could see a skeletal warrior and a wight.

Vanquished Creatures
  A two-headed ogre (D:8)
  A troll (D:9)
  3 flying skulls (D:9)
  A wraith (D:9)
  6 shadows (D:9)
  Sigmund (D:6)
  A wyvern (D:5)
  A water moccasin (D:9)
  5 orc warriors
  4 sky beasts
  Purgy (Sewer)
  A necrophage (D:8)
  2 ice beasts
  An ogre (D:8)
  3 centaurs
  3 phantoms
  6 bullfrogs
  8 gnoll sergeants (Bailey)
  2 scorpions
  A water moccasin zombie (D:4)
  A wyvern skeleton (D:9)
  12 killer bees
  7 wights (D:9)
  2 bullfrog zombies
  A quasit (D:9)
  5 jellies
  A centaur zombie (D:6)
  4 hounds
  7 gnoll shamans
  6 orc priests
  Crazy Yiuf (D:5)
  3 centaur skeletons
  3 bullfrog skeletons
  Terence (D:2)
  An iguana (D:8)
  8 orc wizards
  4 worker ants
  2 hound zombies
  9 mummies
  2 worker ant zombies (D:5)
  28 gnolls
  7 adders
  2 shadow imps
  A white imp (D:5)
  3 ufetubi
  An adder zombie (D:5)
  4 oozes
  An adder skeleton (D:9)
  2 worms (D:3)
  2 dart slugs (D:1)
  5 leopard geckos
  33 orcs
  6 ball pythons
  6 bats
  6 giant cockroaches
  3 gnoll zombies (Ossuary)
  9 goblins
  5 hobgoblins
  7 quokkas
  12 frilled lizards
  A hobgoblin zombie (Ossuary)
  A jackal zombie (D:5)
  10 kobolds
  2 kobold zombies (Ossuary)
  A leopard gecko skeleton (D:8)
  A leopard gecko zombie (D:7)
  2 orc zombies (Ossuary)
  A quokka zombie (D:9)
  16 rats
310 creatures vanquished.

Vanquished Creatures (others)
  A fungus (D:5)
1 creature vanquished.

Grand Total: 311 creatures vanquished

Notes
Turn   | Place    | Note
-------+----------+-------------------------------------------
     0 | D:1      | robertstho the Gargoyle Fighter began the quest for the
                  | Orb.
     0 | D:1      | Reached XP level 1. HP: 14/14 MP: 1/1
   261 | D:1      | Reached XP level 2. HP: 19/19 MP: 2/2
   552 | D:1      | Reached XP level 3. HP: 23/23 MP: 3/3
  1205 | D:2      | Found a faded altar of an unknown god.
  1232 | D:2      | Reached XP level 4. HP: 25/28 MP: 4/4
  1444 | D:2      | Noticed Terence
  1470 | D:2      | Killed Terence
  1471 | D:2      | Reached XP level 5. HP: 32/33 MP: 5/5
  1923 | D:3      | Found a glowing drain.
  1938 | Sewer    | Entered a sewer
  2019 | Sewer    | Noticed Purgy
  2037 | Sewer    | Killed Purgy
  2038 | Sewer    | Reached skill level 1 in Dodging
  2038 | Sewer    | Reached XP level 6. HP: 12/38 MP: 6/6
  2896 | D:3      | Found a white marble altar of Elyvilon.
  2948 | D:3      | Noticed a moth of wrath
  2951 | D:3      | Found a bloodstained altar of Trog.
  3173 | D:4      | Reached skill level 5 in Armour
  3216 | D:4      | Reached XP level 7. HP: 39/44 MP: 7/7
  3452 | D:4      | Reached skill level 5 in Shields
  3794 | D:5      | Entered Level 5 of the Dungeon
  3918 | D:5      | Noticed a wyvern
  3934 | D:5      | Killed a wyvern
  3935 | D:5      | Reached skill level 5 in Maces & Flails
  4327 | D:5      | Found a staircase to the Ecumenical Temple.
  4334 | D:5      | Reached skill level 5 in Fighting
  4349 | Temple   | Entered the Ecumenical Temple
  4551 | D:5      | Reached XP level 8. HP: 49/49 MP: 8/8
  4583 | D:5      | Found a glowing golden altar of the Shining One.
  4625 | D:5      | Found an opulent altar of Gozag.
  4637 | D:5      | Became a worshipper of the Shining One
  4917 | D:5      | Found a runed translucent door.
  4918 | D:5      | Noticed Crazy Yiuf
  5141 | D:5      | Killed Crazy Yiuf
  5367 | D:6      | Reached skill level 1 in Invocations
  5400 | D:6      | Reached XP level 9. HP: 19/55 MP: 10/10
  5911 | D:6      | Noticed Sigmund
  5949 | D:6      | Killed Sigmund
  6129 | D:6      | Reached * piety under the Shining One
  7125 | D:7      | Found Raqieve's Book Boutique.
  7639 | D:7      | Found an ancient bone altar of Kikubaaqudgha.
  7665 | D:7      | Found a shadowy altar of Dithmenos.
  8005 | D:7      | Found a broken altar of Ashenzari.
  8005 | D:7      | Found a shimmering blue altar of Sif Muna.
  8012 | D:7      | Found a faded altar of an unknown god.
  8014 | D:7      | Found a faded altar of an unknown god.
  8016 | D:7      | Found a burning altar of Makhleb.
  8174 | D:8      | Reached ** piety under the Shining One
  8186 | D:8      | Reached XP level 10. HP: 42/61 MP: 12/12
  8222 | D:8      | Found a sand-covered staircase.
  8230 | Ossuary  | Entered an ossuary
  8348 | Ossuary  | Reached *** piety under the Shining One
  8707 | D:8      | Found a flagged portal.
  8716 | Bailey   | Entered a bailey
  9756 | Bailey   | Identified the +4 long sword "Udatehaz" {vorpal, Will+ MP+9
                  | Int-3 Dex+7}
  9854 | D:8      | Noticed a two-headed ogre
  9872 | D:8      | Killed a two-headed ogre
  9873 | D:8      | Reached skill level 5 in Invocations
 10625 | D:9      | Reached skill level 1 in Evocations
 10893 | D:9      | Found a hide-covered altar of Uskayaw.
 10909 | D:9      | Found a hazy altar of Hepliaklqana.
 10921 | D:9      | Reached XP level 11. HP: 53/68 MP: 15/15
 11077 | D:9      | Reached **** piety under the Shining One
 11177 | D:9      | Noticed a skeletal warrior
 11178 | D:9      | Reached ***** piety under the Shining One
 11219 | D:9      | Identified the +1 tower shield of Misanthropy {*Corrode
                  | rN++ Stlth+}
 11228 | D:9      | Mangled by a skeletal warrior

Illustrated notes

Levels and vault maps discovered:
D:1:      dpeg_arrival_concentric_ovals, layout_basic
D:2:      lemuel_upstairs_altar, layout_basic, chequers_ecumenical_altar_island,
          fountainhead, uniq_terence
D:3:      layout_loops_ring, lemuel_coloured_pillars_altar, tgw_trog,
          cheibrodos_sewer_entry_drain, chequers_serial_rivers_micro_c,
          minmay_misc_feat_x, st_stairs_4
D:4:      layout_cave_pools
D:5:      layout_loops_cross, grunt_temple_overflow_open,
          minmay_temple_entry_offerings, uniq_crazy_yiuf_cottage
D:6:      layout_cave_pods, uniq_sigmund
D:7:      layout_rooms, nicolae_overflow_crystal_walls,
          chequers_temple_overflow_minitemple, kennysheep_little_box,
          serial_shops, kennysheep_mini_moat
D:8:      layout_basic, gup_ossuary_entry_pyramid, enter_bailey_2
D:9:      hangedman_screamer, layout_basic, overflow_temple_1_default,
          old_standard_altar, basic_altar
Temple:   compressed_dpeg_circular_temple

Skill      XL: |  1  2  3  4  5  6  7  8  9 10 11 |
---------------+----------------------------------+-----
Armour         | 4 5 6 7 8 9 |  9.2
Maces & Flails | 3 4 5 6 7 8 |  8.9
Shields        | 4 5 6 7 8 9 |  9.0
Fighting       | 4 5 6 7 8 |  8.1
Dodging        | 1 2 3 4 |  4.1
Invocations    | 1 3 5 6 |  6.1
Evocations     | 1 |  1.0

Action                   |  1- 3 |  4- 6 |  7- 9 | 10-12 || total
-------------------------+-------+-------+-------+-------++-------
Melee: Flail             |   141 |   256 |   540 |   599 ||  1536
Evoke: Wand              |       |       |     5 |    13 ||    18
  Use: Potion            |       |       |     8 |     6 ||    14
       Scroll            |       |       |     3 |       ||     3
Armor: Scale mail        |    83 |   143 |   321 |   412 ||   959
       Skin              |       |       |     2 |       ||     2
Dodge: Dodged            |    93 |   198 |   424 |   486 ||  1201
Block: Kite shield       |    93 |   171 |   393 |   647 ||  1304

Table legend: (Time is in decaauts)
 A = Elapsed time spent in this place.
 B = Non-inter-level travel time spent in this place.
 C = Inter-level travel time spent in this place.
 D = Time resting spent in this place.
 E = Time spent auto-exploring this place.
 F = Levels seen in this place.
 G = Mean time per level.
                   A        B        C        D        E       F      G
               +--------+--------+--------+--------+--------+-----+--------+
         Total |  11661 |  11252 |    409 |   1704 |   6554 |  13 |  897.0 |
       Dungeon |   9718 |   9334 |    384 |   1124 |   5799 |   9 | 1079.8 |
        Temple |     97 |     72 |     25 |      0 |     72 |   1 |   97.0 |
         Sewer |    490 |    490 |      0 |    212 |    127 |   1 |  490.0 |
       Ossuary |    256 |    256 |      0 |      0 |    155 |   1 |  256.0 |
        Bailey |   1097 |   1097 |      0 |    368 |    400 |   1 | 1097.0 |
               +--------+--------+--------+--------+--------+-----+--------+

Top non-repeatable levels by time:
     D:6: 1647 daAuts
     D:5: 1372 daAuts
     D:7: 1337 daAuts
  Bailey: 1097 daAuts
     D:1: 1042 daAuts
     D:8: 1025 daAuts
     D:2: 956 daAuts
     D:3: 835 daAuts
     D:9: 769 daAuts
     D:4: 730 daAuts
   Sewer: 490 daAuts
 Ossuary: 256 daAuts
  Temple: 97 daAuts
